 Dungeon Crawl Stone Soup version 0.31-a0-188-g5e087ee2ca (webtiles) character file.

Game seed: 6530760627854454664

62 qw the Shooter (level 3, -5/20 HPs)
             Began as a Deep Elf Hunter on June 23, 2023.
             Slain by Terence
             ... wielding a +0 hand axe of electrocution
              (12 damage)
             ... on level 2 of the Dungeon.
             The game lasted 00:00:29 (704 turns).

qw the Shooter (Deep Elf Hunter)                     Turns: 704, Time: 00:00:29

Health: -5/20      AC:  3    Str: 10    XL:     3   Next: 85%
Magic:  5/5        EV: 12    Int: 13    God:
Gold:   140        SH:  0    Dex: 18    Spells: 2/2 levels left

rFire   . . .        Y - +0 shortbow
rCold   . . .        (shield currently unavailable)
rNeg    . . .        c - +0 leather armour
rPois   .            (no helmet)
rElec   .            (no cloak)
rCorr   .            (no gloves)
SInv    .            (no boots)
Will    .....        (no amulet)
Stlth   ++           (no ring)
HPRegen 0.23/turn    (no ring)
MPRegen 0.09/turn

%: no passive effects
@: no status effects
A: no striking features
a: no special abilities


You were on level 2 of the Dungeon.
You visited 1 branch of the dungeon, and saw 2 of its levels.

You collected 140 gold pieces.


   Skills:
 - Level 1.5 Fighting
 + Level 7.3 Ranged Weapons
 - Level 2.4 Dodging
 - Level 1.2 Stealth


You had 2 spell levels left.
You didn't know any spells.
Your spell library was empty.

Inventory:

Hand Weapons
 Y - a +0 shortbow (weapon)
Armour
 b - a +2 cloak
 c - a +0 leather armour (worn)
Scrolls
 a - 2 scrolls of identify
 d - a scroll of blinking {unknown}
 g - a scroll of teleportation
Potions
 f - a potion of curing
 i - a potion of lignification {unknown}
 j - a potion of magic {unknown}

Dungeon Overview and Level Annotations

Branches:
Dungeon (2/15)

Altars:

Annotations:
D:2 Terence


Message History

You shoot an arrow. The arrow hits the goblin!
You kill the goblin!
A quokka comes into view.
Things that are here:
a +0 dagger; a +0 sling; a goblin corpse You shoot an arrow.
The arrow hits the quokka!
You kill the quokka!
A rat comes into view.
Found a stone staircase leading up.
You shoot an arrow. The arrow hits the rat!
You kill the rat!
Found a stone staircase leading down.
You see here a rat corpse.
A bat comes into view.
You shoot an arrow. The arrow hits the bat.
You kill the bat!
Found an escape hatch in the ceiling.
d - a scroll labelled ZINEGEMOIJ You now have 140 gold pieces (gained 12).
Terence the Incautious comes into view.
He is wielding a +0 hand axe of electrocution and carrying a wand of polymorph (9).
Terence shouts!
Terence zaps a wand.
You resist with some effort.
Enter note:
Enter note: You shoot an arrow.
The arrow hits Terence.
Terence is moderately wounded.
You shoot an arrow.
The arrow hits Terence but does no damage.
Terence is moderately wounded.
You shoot an arrow. The arrow hits Terence.
Terence is moderately wounded.
Terence closely misses you.
Terence hits you with a +0 hand axe of electrocution.
You shoot an arrow.
The arrow hits Terence but does no damage.
Terence is moderately wounded.
Terence hits you with a +0 hand axe of electrocution!
You are electrocuted!
Ouch! That really hurt!
You die...

#.# #.....>....###
#.# #.............
#.# #....>....#.#.
#.# #......#.%#...
#.# #...#..#..#.#.
#.# #>..##.#......
#.# #...##.#......
#.# #...##........
#@# #...##..###.#)
#@# #...%...# #.#.
.#.###..##.####.#.
.#
#..<............
##
#.###..........##
############


You could see Terence.

Vanquished Creatures
  2 gnolls (D:1)
  2 ball pythons
  5 bats
  3 endoplasms (D:1)
  5 goblins
  3 hobgoblins (D:1)
  4 jackals (D:1)
  4 quokkas
  2 kobolds (D:1)
  8 rats
38 creatures vanquished.

Notes
Turn   | Place    | Note
-------+----------+-------------------------------------------
     0 | D:1      | qw the Deep Elf Hunter began the quest for the Orb.
     0 | D:1      | Reached XP level 1. HP: 12/12 MP: 3/3
     0 | D:1      | 0 ||| qw: Version: 0.3-a-9-g12657ce
     0 | D:1      | 0 ||| qw: Game counter: 3199
     0 | D:1      | 0 ||| qw: Always use a shield: true
     0 | D:1      | 0 ||| qw: God list: Okawaru
     0 | D:1      | 0 ||| qw: Allow faded altars: false
     0 | D:1      | 0 ||| qw: Do Orc after D:15 true
     0 | D:1      | 0 ||| qw: Do second Lair branch before Depths: true
     0 | D:1      | 0 ||| qw: Lair rune preference: random
     0 | D:1      | 0 ||| qw: Plans: Normal
     0 | D:1      | 0 ||| PLANNING D:1-11
    50 | D:1      | Found a faded altar of an unknown god.
   128 | D:1      | Reached skill level 6 in Ranged Weapons
   128 | D:1      | Reached XP level 2. HP: 8/16 MP: 4/4
   128 | D:1      | 128 ||| FLEEEEING.
   129 | D:1      | 129 ||| FLEEEEING.
   130 | D:1      | 130 ||| FLEEEEING.
   131 | D:1      | 131 ||| FLEEEEING.
   132 | D:1      | 132 ||| FLEEEEING.
   133 | D:1      | 133 ||| FLEEEEING.
   134 | D:1      | 134 ||| FLEEEEING.
   135 | D:1      | 135 ||| FLEEEEING.
   136 | D:1      | 136 ||| FLEEEEING.
   137 | D:1      | 137 ||| FLEEEEING.
   138 | D:1      | 138 ||| FLEEEEING.
   139 | D:1      | 139 ||| FLEEEEING.
   143 | D:1      | 143 ||| FLEEEEING.
   144 | D:1      | 144 ||| FLEEEEING.
   145 | D:1      | 145 ||| FLEEEEING.
   146 | D:1      | 146 ||| FLEEEEING.
   147 | D:1      | 147 ||| FLEEEEING.
   148 | D:1      | 148 ||| FLEEEEING.
   149 | D:1      | 149 ||| FLEEEEING.
   151 | D:1      | 151 ||| FLEEEEING.
   152 | D:1      | 152 ||| FLEEEEING.
   153 | D:1      | 153 ||| FLEEEEING.
   154 | D:1      | 154 ||| FLEEEEING.
   155 | D:1      | 155 ||| FLEEEEING.
   156 | D:1      | 156 ||| FLEEEEING.
   157 | D:1      | 157 ||| FLEEEEING.
   158 | D:1      | 158 ||| FLEEEEING.
   259 | D:1      | Reached XP level 3. HP: 20/20 MP: 5/5
   297 | D:1      | Reached skill level 7 in Ranged Weapons
   571 | D:1      | 571 ||| READING 2 scrolls labelled WEUTOB OSTRI.
   572 | D:1      | 572 ||| READING scroll labelled OCLI ROISANGO.
   573 | D:1      | 573 ||| READING 2 scrolls labelled UQUMEQEUJA.
   577 | D:1      | 577 ||| READING scroll labelled TYFO PUDEL.
   578 | D:1      | 578 ||| DRINKING 2 brown potions.
   579 | D:1      | 579 ||| DROPPING scroll of butterflies.
   700 | D:2      | Noticed Terence
   704 | D:2      | Slain by Terence

Levels and vault maps discovered:
D:1:      nicolae_arrival_washed_ashore, layout_rooms, basic_ecumenical_altar,
          minmay_tromino_v4_a
D:2:      layout_loops_ring, uniq_terence

Skill      XL: |  1  2  3 |
---------------+----------+-----
Ranged Weapons | 6 7 |  7.3
Fighting       | |  1.5
Dodging        | |  2.4
Stealth        | |  1.2

Action                     || total
---------------------------++-------
   Fire: Shortbow          ||   102
    Use: Scroll            ||     4
         Potion            ||     1
 Armour: Leather armour    ||     2
  Dodge: Dodged            ||    19

Table legend:
 A = Non-vault XP
 B = Vault XP
 C = Vault XP percentage of total XP
 D = Non-vault monster count
 E = Vault monster count
 F = Vault count percentage of total count
                 A         B        C        D         E       F
            +---------+---------+-------+---------+---------+-------
      Total |      87 |       2 |   2.2 |      36 |       2 |   5.3
            +---------+---------+-------+---------+---------+-------
        D:1 |      79 |       2 |   2.5 |      30 |       2 |   6.2
        D:2 |       8 |       0 |   0.0 |       6 |       0 |   0.0
            +---------+---------+-------+---------+---------+-------
